 Dungeon Crawl Stone Soup version 0.19.0-24-gb05acd6 (webtiles) character file.

131 Snooz the Poker (level 5, -2/38 HPs)
             Began as a Merfolk Skald on Nov 21, 2016.
             Killed by nerve-wracking pain
             ... invoked by an orc priest
              (10 damage)
             ... on level 3 of the Dungeon.
             The game lasted 00:14:52 (2386 turns).

Snooz the Poker (Merfolk Skald)                     Turns: 2386, Time: 00:14:53

Health: -2/38      AC:  4    Str: 13    XL:     5   Next: 14%
Magic:  6/8        EV: 12    Int: 12    God:
Gold:   142        SH:  0    Dex: 13    Spells: 1 memorised, 7 levels left

rFire  . . .     SeeInvis .     a - +0 spear
rCold  . . .     Gourm    .     l - +0 robe
rNeg   . . .     Faith    .     (no shield)
rPois  .         Spirit   .     q - +0 helmet
rElec  .         Reflect  .     (no cloak)
rCorr  .         Harm     .     (no gloves)
MR     .....                    h - +0 pair of boots
Stlth  ++........               (no amulet)
                                (no ring)
                                n - ring of stealth

@: infused (expiring)
A: change form in water, swift swim, stealthy swim
a: no special abilities


You were on level 3 of the Dungeon.
You were not hungry.

You visited 1 branch of the dungeon, and saw 3 of its levels.

You collected 142 gold pieces.

Inventory:

Hand Weapons
 a - a +0 spear (weapon)
Armour
 h - a +0 pair of boots (worn)
 l - a +0 robe (worn)
 q - a +0 helmet (worn)
Jewellery
 n - a ring of stealth (left hand)
Scrolls
 b - a scroll of magic mapping {unknown}
 f - a scroll of blinking {unknown}
 m - a scroll of enchant armour {unknown}
 o - a scroll of identify {unknown}
Potions
 e - 2 potions of curing
 g - a potion of resistance {unknown}
 i - a potion of haste
 j - a potion of invisibility {unknown}
Books
 c - a book of Battle

   Spells                             Type                      Level
   a - Infusion                       Charms                       1
   b - Shroud of Golubria             Charms/Translocation         2
   c - Song of Slaying                Charms                       2
   d - Spectral Weapon                Hexes/Charms                 3
   e - Regeneration                   Charms/Necromancy            3
Comestibles
 d - a bread ration
 k - 2 slices of pizza
 p - a beef jerky


   Skills:
 - Level 2.1 Fighting
 + Level 7.5 Polearms
 - Level 0.6 Armour
 - Level 1.3 Dodging
 - Level 2.0 Spellcasting
 - Level 3.2 Charms


You had 7 spell levels left.
You knew the following spells:

 Your Spells              Type           Power        Failure   Level  Hunger
a - Infusion              Chrm           #...         10%         1    ##.....


Dungeon Overview and Level Annotations

Branches:
Dungeon (3/15)

Altars:


Message History

You are too injured to fight recklessly!
You barely miss the orc priest.
The orc priest is moderately wounded.
The orc priest completely misses you.
You barely miss the orc priest.
The orc priest is lightly wounded.
You barely miss the orc priest.
The orc priest is lightly wounded.
The orc priest closely misses you.
You hit the orc priest but do no damage.
The orc priest is lightly wounded.
The orc priest misses you.
You hit the orc priest.
The orc priest is moderately wounded.
You hit the orc priest.
The orc priest is heavily wounded.
Your magical infusion is running out.
The orc priest calls down the wrath of Beogh upon you.
Pain shoots through your body!
You die...

..#
#..........#.#######.####
...## ############.....# #.#
# ....# #.....# #.# # ...<#
#.....#... ##.)# #.......#
#.o....[.# #......##
#..#.....###########<.....#
#....o.............)........
#..# ...#(.##..@...........#
#..# ##..# #.o.........##.#
#..# #.# #.......####....
...# .. .........# .##
............ #
...##........## ...
#......### .. #......#


You could see an orc priest.

Vanquished Creatures
  An orc priest (D:3)
  4 adders
  2 worms (D:2)
  2 dart slugs (D:2)
  A leopard gecko (D:1)
  3 orcs
  2 ball pythons
  7 bats
  6 goblins
  3 hobgoblins (D:2)
  6 jackals (D:2)
  7 kobolds
  A quokka (D:1)
  2 frilled lizards
  7 rats
54 creatures vanquished.

Notes
Turn   | Place    | Note
-------+----------+-------------------------------------------
     0 | D:1      | Snooz the Merfolk Skald began the quest for the Orb.
     0 | D:1      | Reached XP level 1. HP: 16/16 MP: 3/3
   152 | D:1      | Reached skill level 4 in Polearms
   152 | D:1      | Reached XP level 2. HP: 18/22 MP: 5/5
   738 | D:1      | Reached skill level 5 in Polearms
   738 | D:1      | Reached XP level 3. HP: 14/27 MP: 3/6
  1590 | D:2      | Reached skill level 6 in Polearms
  1607 | D:2      | Reached XP level 4. HP: 33/33 MP: 2/7
  2300 | D:2      | Reached skill level 7 in Polearms
  2306 | D:3      | Reached XP level 5. HP: 26/38 MP: 1/8
  2386 | D:3      | Killed from afar by an orc priest

Skill      XL: |  1  2  3  4 |
---------------+-------------+-----
Polearms       | 4 5 6 7 |  7.5
Fighting       | |  2.1
Armour         | |  0.6
Dodging        | |  1.3
Spellcasting   | |  2.0
Charms         | |  3.2

Action                   |  1- 3 |  4- 6 || total
-------------------------+-------+-------++-------
Melee: Spear             |   177 |    73 ||   250
 Cast: Infusion          |     5 |     5 ||    10
  Use: Potion            |     1 |       ||     1
 Stab: Sleeping          |     3 |       ||     3
  Eat: Chunk             |     2 |     3 ||     5
Armor: Leather armour    |     2 |       ||     2
       Robe              |    16 |     7 ||    23
Dodge: Dodged            |    62 |    35 ||    97
